AoeStats
← El Fantasma de Pancho Villa

Arena

507866821Analyzed
4v4 RM · 13d ago on Sep 20, 2026· 19m 47s· 8 players
Game mode
Random Map
Map size
Large (8 player)
Population
200
Speed
Normal
Resources
Standard
Victory
Conquest
Starting age
Dark Age
Ending age
Imperial Age
RankedLock teamsTeams togetherTeam positionsShared explorationLock speedFull tech treeHidden civsTurbo modeCheats
Victory
Defeat
🇵🇰 Cumans · Pakistan
1142
+12
🇦🇷 Malay · Argentina
1045
+16
🇦🇷 Turks · Argentina
1030
+17
🇵🇰 Inca · Pakistan
1010
+18
🇻🇳 Franks · Vietnam
1130
-18
🇺🇸 Malay · United States
1093
-18
🇺🇸 Koreans · United States
1064
-16
🇲🇽 Magyars · Mexico
939
-11
danisan
13:44 Feudal Age
15:04 Loom
18:13 Castle Age
17:04 Double-Bit Axe
17:01 Horse Collar
mariourigar
10:43 Feudal Age
14:46 Wheelbarrow
19:35 Gold Mining
El Fantasma de Pancho Villa
6:50 Loom
9:26 Feudal Age
16:38 Castle Age
15:11 Double-Bit Axe
halong1301
11:19 Feudal Age
12:10 Loom
15:38 Castle Age
13:58 Double-Bit Axe
yeSenpai
12:19 Feudal Age
16:48 Castle Age
15:04 Double-Bit Axe
15:21 Gold Mining
21:40 Imperial Age
Chkn
6:49 Loom
9:35 Feudal Age
12:14 Double-Bit Axe
12:26 Fletching
stink
11:11 Feudal Age
15:22 Castle Age
14:16 Double-Bit Axe
14:13 Horse Collar
16:24 Bow Saw
KGUY1
5:43 Loom
11:34 Feudal Age
16:59 Castle Age
15:12 Double-Bit Axe
15:18 Horse Collar
17:11 Bow Saw
18:50 Wheelbarrow
19:36 Forging
Connection lost

Rejoining the realm…

Still unreachable

The connection could not be restored.

Session expired

The server has moved on; the page needs a fresh start.